 Dungeon Crawl Stone Soup version 0.29-a0-668-g12ee2bf84d (webtiles) character file.

Game seed: 8974264908200301739

422 zeratav the Skirmisher (level 7, -5/60 HPs)
             Began as a Formicid Fighter on June 23, 2022.
             Slain by Pikel
             ... wielding a +2 whip of flaming
              (7 damage)
             ... on level 3 of the Dungeon.
             The game lasted 00:08:09 (3580 turns).

zeratav the Skirmisher (Formicid Fighter)           Turns: 3580, Time: 00:08:10

Health: -5/60      AC: 10    Str: 23    XL:     7   Next: 17%
Magic:  7/7        EV:  9    Int:  7    God:
Gold:   217        SH:  5    Dex: 13    Spells: 6/6 levels left

rFire   + . .      SeeInvis +   a - +0 war axe {axe}
rCold   + . .      Faith    .   c - +0 buckler
rNeg    . . .      Spirit   .   b - +0 scale mail
rPois   .          Reflect  .   (helmet unavailable)
rElec   .          Harm     .   (no cloak)
rCorr   .          Rampage  .   g - +2 pair of gloves
Will    .....                   (no boots)
Stlth   +.........              (no amulet)
HPRegen 0.20/turn               j - ring of protection from cold
MPRegen 0.10/turn               n - ring of protection from fire

@: no status effects
A: permanent stasis, dig shafts and tunnels, antennae 3, four strong arms
a: Dig, Shaft Self


You were on level 3 of the Dungeon.
You visited 1 branch of the dungeon, and saw 4 of its levels.

You collected 217 gold pieces.


Innate Abilities, Weirdness & Mutations

You cannot be hasted, slowed, berserked, paralysed or teleported.
You can dig through walls and to a lower floor.
You have a pair of large antennae on your head. (SInv)
Your four strong arms can wield two-handed weapons with a shield.


   Skills:
 - Level 7.0 Fighting
 + Level 2.1 Axes
 - Level 3.2 Armour
 + Level 5.0 Stealth
 - Level 4.0 Shields


You had 6 spell levels left.
You didn't know any spells.
Your spell library contained the following spells:

 Spells                   Type           Power      Damage    Failure   Level
 Dazzling Flash           Conj/Hex       0%         N/A       99%         3
 Lesser Beckoning         Tloc           0%         N/A       99%         3
 Ozocubu's Armour         Ice            0%         N/A       99%         3
 Iskenderun's Mystic Bla  Conj/Tloc      0%         2d3       100%        4
 Fireball                 Conj/Fire      0%         3d3       100%        5
 Manifold Assault         Tloc           0%         N/A       100%        5
 Dispersal                Tloc           0%         N/A       100%        6
 Starburst                Conj/Fire      0%         6d3       100%        6
 Ozocubu's Refrigeration  Ice            0%         4d5       100%        7
 Disjunction              Tloc           0%         N/A       100%        8
 Ignition                 Fire           0%         3d3       100%        8
 Blink                    Tloc           Unusable   N/A       N/A         2

Inventory:

Hand Weapons
 a - a +0 war axe (weapon) {axe}
 l - a +2 dagger of venom {short}
   (You took it off a goblin on level 2 of the Dungeon)
 m - a +1 dagger of electrocution {short}
   (You took it off a goblin on level 2 of the Dungeon)
Armour
 b - a +0 scale mail (worn)
 c - a +0 buckler (worn)
 g - a +2 pair of gloves (worn)
   (You found it on level 1 of the Dungeon)
Jewellery
 j - a ring of protection from cold (left hand)
   (You found it on level 1 of the Dungeon)
 n - a ring of protection from fire (right hand)
   (You found it on level 2 of the Dungeon)
Scrolls
 e - 3 scrolls of immolation {unknown}
 k - a scroll of teleportation {unknown}
 o - 2 scrolls of fog {unknown}
Potions
 d - 2 potions of might
 f - a potion of berserk rage {unknown}
 h - a potion of attraction {unknown}
 i - 2 potions of degeneration {unknown}
 p - a potion of haste {unknown}
 q - a potion of brilliance {unknown}
 r - a potion of invisibility {unknown}

Dungeon Overview and Level Annotations

Branches:
Dungeon (4/15) Zot: 20288
 Temple: D:4-7

Altars:
Okawaru

Annotations:
D:3 Pikel

#######.# #..#
#.# ........#
#..# #.#
######..######..#
#.# #
#..........# #.#
# #.########.#
#.# # #.# #.#
######.### #.#
#.# #.....(...
#.########K#####
#.####.###
#....(.....@...#
##.## #.#
##########.###.#
#...# #.### #.#
#.# #..## #....
#.# #.# #.##
###### #.# #.#
#.# #..... #.#
#.# #.# #.####
#.# #.###.# #.#
#.# #..##.# #.#
#.# ##.##.# #.#


You could see Pikel.


Message History

a +0 dagger {short}; 5 stones {throwing}; a kobold corpse You slash the lemure!
You block the lemure's attack.
You closely miss the lemure. The lemure hits you but does no damage.
You closely miss the lemure. You barely miss the lemure.
The lemure shouts!
The lemure hits you but does no damage. The lemure hits you.
You hit the lemure. You closely miss the lemure. You block the lemure's attack.
The lemure barely misses you.
A giant cockroach comes into view.
You block the lemure's attack. x2
You slash the lemure! You barely miss the lemure.
You block the lemure's attack. The lemure hits you.
You slash the lemure!
You kill the lemure!
That felt strangely unrewarding.
You closely miss the lemure. The lemure barely misses you. The lemure hits you.
You barely miss the lemure. You hit the lemure. The lemure barely misses you.
The lemure closely misses you.
You slash the lemure! You hit the lemure. The lemure hits you.
The lemure barely misses you. You block the lemure's attack.
The lemure hits you.
You hit the lemure. You barely miss the giant cockroach. You hit the lemure.
The giant cockroach bites you.
The giant cockroach bites you but does no damage.
Pikel, Merchant of Souls comes into view.
He is wielding a +2 whip of flaming and wearing a +0 robe of positive energy.
The lemure hits you but does no damage. x2
HP[-8]
You take 8 damage, and now have 52/60 hp.
You closely miss the lemure. You barely miss the giant cockroach.
You completely miss the lemure. The giant cockroach closely misses you.
The lemure hits you but does no damage. The lemure closely misses you.
You block the giant cockroach's attack.
You barely miss the lemure. You hit the lemure. You slash the giant cockroach!
You kill the giant cockroach!
The lemure hits you! You block the lemure's attack. The lemure hits you.
The lemure hits you but does no damage.
HP[-8]
You take 8 damage, and now have 44/60 hp.
You hit the lemure but do no damage. You closely miss the lemure.
You block the lemure's attack. The lemure barely misses you.
You slash the lemure! You hit the lemure but do no damage. The lemure hits you.
The lemure barely misses you. You block the lemure's attack.
The lemure closely misses you.
HP[-6]
You take 6 damage, and now have 38/60 hp.
You closely miss the lemure. You miss the lemure.
You block the lemure's attack. The lemure attacks as you move away!
You block the lemure's attack.
Things that are here:
a +0 dagger {short}; 5 stones {throwing}; a kobold corpse HP[+1]
You slash the lemure!
You kill the lemure!
That felt strangely unrewarding.
Pikel says, "It's all about the gold, really."
HP[+1] Pikel attacks as you move away!
Pikel hits you with a +2 whip of flaming.
Pikel burns you.
HP[-6]
You take 6 damage, and now have 34/60 hp.
HP[+1] Pikel attacks as you move away!
Pikel hits you with a +2 whip of flaming!
* * * LOW HITPOINT WARNING * * *
HP[-8]
You take 8 damage, and now have 27/60 hp.
There is a stone staircase leading up here.
HP[+1] Pikel completely misses you.
You climb upwards.
There is a stone staircase leading down, spattered with blood here.
You barely miss Pikel.
Pikel hits you with a +2 whip of flaming!
* * * LOW HITPOINT WARNING * * *
You block Pikel's attack.
HP[-9]
You take 9 damage, and now have 19/60 hp.
You hit Pikel. You block Pikel's attack.
HP[+1]
You hit Pikel.
Pikel hits you with a +2 whip of flaming.
* * * LOW HITPOINT WARNING * * *
Pikel burns you.
* * * LOW HITPOINT WARNING * * *
Pikel hits you with a +2 whip of flaming!
* * * LOW HITPOINT WARNING * * *
HP[-15]
You take 15 damage, and now have 5/60 hp.
MASSIVE DAMAGE!! (PAUSE)
You miss Pikel.
Pikel hits you with a +2 whip of flaming.
* * * LOW HITPOINT WARNING * * *
HP[-4]
You take 4 damage, and now have 1/60 hp.
Unknown command.
You slash Pikel! Pikel hits you but does no damage. x2
You closely miss Pikel.
Pikel hits you with a +2 whip of flaming!
You die...

Skill      XL: |  1  2  3  4  5  6 |
---------------+-------------------+-----
Stealth        | 2 3 4 5 |  5.0
Fighting       | 5 7 |  7.0
Axes           | |  2.1
Armour         | |  3.2
Shields        | |  4.0

Action                   |  1- 3 |  4- 6 |  7- 9 || total
-------------------------+-------+-------+-------++-------
Melee: War axe           |    99 |   180 |    22 ||   301
 Stab: Sleeping          |       |     4 |       ||     4
Armor: Scale mail        |    66 |   124 |     9 ||   199
Dodge: Dodged            |    56 |    94 |    11 ||   161
Block: Buckler           |    33 |    60 |    14 ||   107

Levels and vault maps discovered:
D:1:      erik_arrival_blinker_ship, layout_basic, minmay_misc_feat_ornament,
          minmay_small_reverse_x
D:2:      layout_basic, shapermc_ecumenical_altar_acropolis, minmay_unequal,
          uniq_robin
D:3:      layout_loops_ring
D:4:      layout_cave_pools, okawaru_trees_2, chequers_serial_rivers_large_b,
          uniq_natasha, uniq_pikel

Notes
Turn   | Place    | Note
-------+----------+-------------------------------------------
     0 | D:1      | zeratav the Formicid Fighter began the quest for the Orb.
     0 | D:1      | Reached XP level 1. HP: 18/18 MP: 1/1
     0 | D:1      | magus.rc [v1.9.6]
    10 | D:1      | Reached skill level 1 in Stealth
   194 | D:1      | Reached skill level 2 in Stealth
   194 | D:1      | Reached XP level 2. HP: 22/24 MP: 2/2
   332 | D:1      | You pick up a book of Fire and begin reading...
   332 | D:1      | You add the spells Fireball, Starburst and Ignition to your
                  | library.
   418 | D:1      | Reached skill level 3 in Stealth
   528 | D:1      | Reached XP level 3. HP: 29/29 MP: 3/3
  1129 | D:2      | Reached skill level 4 in Stealth
  1179 | D:2      | You pick up a book of Spatial Translocations and begin
                  | reading...
  1179 | D:2      | You add the spells Lesser Beckoning and Manifold Assault to
                  | your library.
  1266 | D:2      | Noticed Robin
  1270 | D:2      | Reached XP level 4. HP: 29/35 MP: 4/4
  1281 | D:2      | Killed Robin
  1282 | D:2      | Reached skill level 5 in Stealth
  1432 | D:2      | Found a faded altar of an unknown god.
  1522 | D:2      | Reached XP level 5. HP: 38/42 MP: 5/5
  1529 | D:2      | Reached skill level 4 in Fighting
  1533 | D:2      | Identified the +4 dagger of Dismemberment {drain, rElec
                  | Dex+4}
  1641 | D:2      | You pick up a book of the Warp and begin reading...
  1641 | D:2      | You add the spells Dispersal and Disjunction to your
                  | library.
  2367 | D:3      | Reached skill level 5 in Fighting
  2479 | D:3      | You add the spells Ozocubu's Armour and Ozocubu's
                  | Refrigeration to your library.
  2572 | D:3      | Noticed an ogre
  2909 | D:3      | Reached XP level 6. HP: 52/52 MP: 6/6
  3092 | D:3      | Killed an ogre
  3093 | D:3      | Reached skill level 6 in Fighting
  3333 | D:4      | You pick up a book of Spectacle and begin reading...
  3333 | D:4      | You add the spells Dazzling Flash and Iskenderun's Mystic
                  | Blast to your library.
  3359 | D:4      | Noticed a sky beast
  3454 | D:4      | Killed a sky beast
  3455 | D:4      | Reached skill level 7 in Fighting
  3455 | D:4      | Reached XP level 7. HP: 48/60 MP: 7/7
  3534 | D:4      | Found an iron altar of Okawaru.
  3552 | D:4      | Noticed Pikel
  3577 | D:3      | HP: 5/60 [Pikel/+2 whip of flaming (11)]
  3578 | D:3      | HP: 1/60 [Pikel/+2 whip of flaming (4)]
  3580 | D:3      | Slain by Pikel

Vanquished Creatures
  A sky beast (D:4)
  An ogre (D:3)
  3 lemures
  A scorpion (D:3)
  Robin (D:2)
  5 adders (D:2)
  3 worms (D:2)
  4 dart slugs
  4 orcs (D:3)
  6 bats
  9 endoplasms
  7 giant cockroaches
  17 goblins
  10 hobgoblins
  6 jackals
  3 quokkas (D:3)
  8 ball pythons
  5 frilled lizards
  8 kobolds
  4 rats
106 creatures vanquished.

Table legend:
 A = Non-vault XP
 B = Vault XP
 C = Vault XP percentage of total XP
 D = Non-vault monster count
 E = Vault monster count
 F = Vault count percentage of total count
                 A         B        C        D         E       F
            +---------+---------+-------+---------+---------+-------
      Total |     555 |      49 |   8.1 |      82 |      21 |  20.4
            +---------+---------+-------+---------+---------+-------
        D:1 |      44 |       6 |  12.0 |      25 |       4 |  13.8
        D:2 |     121 |      43 |  26.2 |      30 |      17 |  36.2
        D:3 |     252 |       0 |   0.0 |      22 |       0 |   0.0
        D:4 |     138 |       0 |   0.0 |       5 |       0 |   0.0
            +---------+---------+-------+---------+---------+-------

Illustrated notes

Table legend:
 A = Kills in this place as a percentage of kills in entire the game.
 B = Kills by you in this place as a percentage of kills by you in the entire game.
 C = Kills by friends in this place as a percentage of kills by friends in the entire game.
 D = Other kills in this place as a percentage of other kills in the entire game.
 E = Experience gained in this place as a percentage of experience gained in the entire game.
 F = Experience gained in this place divided by the number of levels of this place that you have seen.
                   A       B       C       D       E      F
               +-------+-------+-------+-------+-------+----------------------
         Total | 100.0 | 100.0 |   N/A |   N/A | 100.0 | 151.0
       Dungeon | 100.0 | 100.0 |   N/A |   N/A | 100.0 | 151.0
               +-------+-------+-------+-------+-------+----------------------

Table legend: (Time is in decaauts)
 A = Elapsed time spent in this place.
 B = Non-inter-level travel time spent in this place.
 C = Inter-level travel time spent in this place.
 D = Time resting spent in this place.
 E = Time spent auto-exploring this place.
 F = Levels seen in this place.
 G = Mean time per level.
                   A        B        C        D        E       F      G
               +--------+--------+--------+--------+--------+-----+--------+
         Total |   3709 |   3619 |     90 |    743 |   2035 |   4 |  927.2 |
       Dungeon |   3709 |   3619 |     90 |    743 |   2035 |   4 |  927.2 |
               +--------+--------+--------+--------+--------+-----+--------+

Top non-repeatable levels by time:
     D:2: 1204 daAuts
     D:3: 1162 daAuts
     D:1: 1154 daAuts
     D:4: 188 daAuts
